 Dungeon Crawl Stone Soup version 0.21.0-24-g2553a3340b (webtiles) character file.

4631 Krosko the Fighter (level 10, -8/70 HPs)
             Began as a Gargoyle Fighter on Jan 21, 2018.
             Was a Follower of Makhleb.
             Killed from afar by Erica (31 damage)
             ... with an orb of energy
             ... on level 8 of the Dungeon.
             The game lasted 00:39:30 (7007 turns).

Krosko the Fighter (Gargoyle Fighter)               Turns: 7007, Time: 00:39:30

Health: -8/70      AC: 24    Str: 22    XL:     10   Next: 42%
Magic:  10/10      EV:  6    Int: 10    God:    Makhleb [*.....]
Gold:   399        SH: 10    Dex: 12    Spells: 9/9 levels left

rFire    . . .     SeeInvis .   z - +1 flail (protect)
rCold    . . .     Gourm    .   c - +0 shield
rNeg     + . .     Faith    .   I - +3 chain mail
rPois    ∞         Spirit   .   F - +2 helmet
rElec    +         Reflect  .   (no cloak)
rCorr    .         Harm     .   (no gloves)
MR       .....                  (no boots)
Stlth    ..........             h - amulet of regeneration
HPRegen  0.61/turn              j - +3 ring of dexterity
MPRegen  0.12/turn              (no ring)

@: no status effects
A: negative energy resistance 1, electricity resistance, unbreathing,
petrification resistance, rot immunity, AC +7
a: Renounce Religion


You were on level 8 of the Dungeon.
You worshipped Makhleb.
Makhleb was aware of your devotion.
You were not hungry.

You visited 2 branches of the dungeon, and saw 9 of its levels.

You collected 399 gold pieces.

Inventory:

Hand Weapons
 z - a +1 flail of protection (weapon)
Armour
 c - a +0 shield (worn)
 F - a +2 helmet (worn)
 I - a +3 chain mail (worn)
Jewellery
 h - an amulet of regeneration (around neck)
 j - a +3 ring of dexterity (left hand)
 q - a +5 amulet of reflection
Wands
 a - a wand of disintegration (23)
 s - a wand of digging (10)
Scrolls
 e - a scroll of immolation {unknown}
 g - 2 scrolls of enchant armour {unknown}
 i - 4 scrolls of identify
 k - 2 scrolls of magic mapping {unknown}
 m - 2 scrolls of amnesia
 n - 3 scrolls of remove curse {unknown}
 r - 3 scrolls of enchant weapon {unknown}
 u - 5 scrolls of teleportation
 y - 2 scrolls of fear {unknown}
 E - a scroll of blinking {unknown}
Potions
 b - a potion of curing {unknown}
 d - 3 potions of might
 l - 2 potions of resistance
 o - 2 potions of invisibility {unknown}
 p - 2 potions of haste {unknown}
 t - 2 potions of brilliance {unknown}
 v - a potion of degeneration {unknown}
 x - 3 potions of heal wounds {unknown}
 A - a potion of agility {unknown}
 D - 3 potions of flight {unknown}
 G - a potion of lignification {unknown}
Books
 w - a book of Cantrips

   Spells                             Type                      Level
   a - Confusing Touch                Hexes                        1
   b - Animate Skeleton               Necromancy                   1
   c - Summon Small Mammal            Summoning                    1
   d - Apportation                    Translocation                1
 C - a book of Changes

   Spells                             Type                      Level
   a - Beastly Appendage              Transmutation                1
   b - Sticks to Snakes               Transmutation                2
   c - Spider Form                    Transmutation/Poison         3
   d - Ice Form                       Ice/Transmutation            4
   e - Blade Hands                    Transmutation                5
Comestibles
 f - 10 rations


   Skills:
 - Level 11.2 Fighting
 + Level 8.1 Maces & Flails
 + Level 8.8 Armour
 - Level 1.0 Dodging
 - Level 4.5 Shields


You had 9 spell levels left.
You didn't know any spells.

Dungeon Overview and Level Annotations

Branches:
Dungeon (8/15)             Temple (1/1) D:5
   Lair: D:8-11

Altars:
Ashenzari
Cheibriados
Dithmenos
Elyvilon
Fedhas
Gozag
Hepliaklqana
Kikubaaqudgha
Makhleb
Nemelex Xobeh
Okawaru
Qazlal
Ru
Sif Muna
Trog
Uskayaw
Vehumet
Wu Jian
Xom
Yredelemnul
Zin
The Shining One

Annotations:
D:8 Erica


Innate Abilities, Weirdness & Mutations

You are resistant to torment.
Your stone body is resilient. (AC +7)
You are immune to poison.
You resist negative energy. (rN+)
You are resistant to electric shocks. (rElec)
You can survive without breathing.
You are immune to petrification.
You are immune to rotting.


Message History

* * * LOW HITPOINT WARNING * * *
Erica gestures wildly while chanting.
Erica flickers and vanishes!
Deactivating autopickup; reactivate with Ctrl-A.
You block the wyvern's attack. You block the wyvern's attack.
The wyvern bites you but does no damage.
All of the chunks of flesh in your inventory have rotted away.
The wyvern bites you but does no damage.
The wyvern bites you but does no damage.
The wyvern hisses menacingly.
The wyvern bites you.
* * * LOW HITPOINT WARNING * * *
You block the wyvern's attack. The wyvern completely misses you.
The wyvern bites you but does no damage.
You hear some strange, mumbled words.
An orb of energy appears from out of thin air!
The orb of energy misses the wyvern.
The orb of energy hits you!
You die...

#.).)..(..# ##
#...#.....# ########.
#.#.#.....# #...)....
#.#.......# #.#####.#
#####.#.#.....######.#
#.#
#.....#.#............#
#.#
##.......###.##########
#.. #..._....# #.# ###
#........# #@# #
#........# #.# #
#.####...# #l# # #.#
##..# #.# #
#.#####..###.#### #
#......>........#
#####....###.##.#
##.....##.##.#
#.......#.##.##########


You could see a wyvern.

Vanquished Creatures
  A two-headed ogre (D:8)
  The ghost of brujo666 the Skirmisher, an amateur DsFi (D:4)
  Prince Ribbit (D:7)
  Grinder (D:4)
  Sigmund (D:3)
  A spriggan (D:7)
  The ghost of Thargor the Covered, an amateur MiFi (D:5)
  Eustachio (D:5)
  Menkaure (D:7)
  Edmund (D:4)
  A water moccasin (D:8)
  The ghost of ciphuk the Skirmisher, an amateur NaFi (D:3)
  An ice beast (D:8)
  2 phantoms
  An eye of draining (D:6)
  An orc warrior (D:7)
  A centaur (D:7)
  6 ogres
  2 bullfrogs
  A wyvern skeleton (D:6)
  6 killer bees (D:7)
  2 scorpions
  A howler monkey (D:4)
  2 crimson imps
  3 hounds
  A jelly (D:6)
  A bullfrog skeleton (D:8)
  A centaur skeleton (D:8)
  3 orc wizards
  An iguana (D:6)
  9 worker ants
  A worker ant zombie (D:6)
  3 gnolls (D:3)
  8 adders
  6 shadow imps
  3 oozes (D:3)
  2 adder zombies
  An adder skeleton (D:4)
  6 worms
  A dart slug (D:2)
  A leopard gecko (D:6)
  14 orcs
  2 ball pythons
  3 giant cockroaches
  9 hobgoblins
  8 jackals
  3 quokkas
  10 bats
  7 frilled lizards
  3 goblins
  4 kobolds
  A quokka skeleton (D:5)
  11 rats
164 creatures vanquished.

Notes
Turn   | Place    | Note
-------+----------+-------------------------------------------
     0 | D:1      | Krosko the Gargoyle Fighter began the quest for the Orb.
     0 | D:1      | Reached XP level 1. HP: 14/14 MP: 1/1
   363 | D:1      | Reached XP level 2. HP: 19/19 MP: 2/2
   760 | D:2      | Reached XP level 3. HP: 23/24 MP: 3/3
   977 | D:2      | Found a shattered altar of Ashenzari.
  1251 | D:2      | Reached XP level 4. HP: 29/29 MP: 4/4
  1388 | D:3      | Found a deep blue altar of Sif Muna.
  1504 | D:3      | Reached skill level 4 in Fighting
  1649 | D:3      | Noticed ciphuk's ghost (amateur NaFi)
  1665 | D:3      | Reached XP level 5. HP: 29/33 MP: 5/5
  1694 | D:3      | Killed ciphuk's ghost
  1785 | D:3      | Reached skill level 1 in Dodging
  1790 | D:3      | Noticed Sigmund
  1933 | D:3      | Killed Sigmund
  1933 | D:3      | Reached skill level 5 in Fighting
  1933 | D:3      | Reached XP level 6. HP: 13/41 MP: 6/6
  2174 | D:3      | Reached skill level 6 in Fighting
  2321 | D:4      | Noticed Grinder
  2363 | D:4      | Killed Grinder
  2363 | D:4      | Reached skill level 7 in Fighting
  2363 | D:4      | Reached XP level 7. HP: 24/48 MP: 7/7
  2870 | D:4      | Found a stormy altar of Qazlal.
  2870 | D:4      | Noticed an air elemental
  2880 | D:4      | Reached skill level 8 in Fighting
  3098 | D:4      | Noticed a water elemental
  3098 | D:4      | Noticed a fire elemental
  3128 | D:4      | Noticed Edmund
  3154 | D:4      | Killed Edmund
  3154 | D:4      | Reached XP level 8. HP: 47/56 MP: 8/8
  3230 | D:4      | Reached skill level 9 in Fighting
  3328 | D:4      | Noticed brujo666's ghost (amateur DsFi)
  3341 | D:4      | Killed brujo666's ghost
  3341 | D:4      | Reached skill level 10 in Fighting
  3516 | D:4      | Found a radiant altar of Vehumet.
  3516 | D:4      | Found an ancient bone altar of Kikubaaqudgha.
  3600 | D:5      | Entered Level 5 of the Dungeon
  3605 | D:5      | Noticed Thargor's ghost (amateur MiFi)
  3624 | D:5      | Killed Thargor's ghost
  3869 | D:5      | Found a shadowy altar of Dithmenos.
  3934 | D:5      | Found a staircase to the Ecumenical Temple.
  3945 | D:5      | Reached skill level 11 in Fighting
  3945 | D:5      | Reached XP level 9. HP: 59/64 MP: 9/9
  4002 | Temple   | Entered the Ecumenical Temple
  4143 | Temple   | Became a worshipper of Makhleb the Destroyer
  4235 | D:5      | Noticed Eustachio
  4440 | D:5      | Killed Eustachio
  4722 | D:6      | Found an opulent altar of Gozag.
  4739 | D:6      | Found a basalt altar of Yredelemnul.
  4797 | D:6      | Found a sparkling altar of Nemelex Xobeh.
  4808 | D:6      | Reached skill level 5 in Armour
  5096 | D:6      | Reached skill level 5 in Maces & Flails
  5135 | D:6      | Found an opulent altar of Gozag.
  5565 | D:7      | Found an iron altar of Okawaru.
  5890 | D:7      | Reached * piety under Makhleb
  5985 | D:7      | Noticed Menkaure
  5992 | D:7      | Killed Menkaure
  6118 | D:7      | Noticed Prince Ribbit
  6149 | D:7      | Killed Prince Ribbit
  6326 | D:7      | Reached XP level 10. HP: 63/70 MP: 10/10
  6658 | D:8      | Found the +8 autumn katana {slice, Clar}
  6737 | D:8      | Noticed a two-headed ogre
  6766 | D:8      | Killed a two-headed ogre
  6810 | D:8      | Found a glowing silver altar of Zin.
  6943 | D:8      | Noticed Erica
  7007 | D:8      | Killed from afar by Erica

Skill      XL: |  1  2  3  4  5  6  7  8  9 10 |
---------------+-------------------------------+-----
Maces & Flails | 3 7 8 |  8.1
Fighting       | 4 5 7 8 11 | 11.2
Shields        | 4 |  4.5
Dodging        | 1 |  1.0
Armour         | 7 8 |  8.8

Action                   |  1- 3 |  4- 6 |  7- 9 | 10-12 || total
-------------------------+-------+-------+-------+-------++-------
Melee: Flail             |   130 |   214 |   492 |   110 ||   946
  Use: Scroll            |       |     2 |     2 |     2 ||     6
  Eat: Chunk             |     1 |     2 |     6 |     2 ||    11
       Ration            |       |     1 |     2 |       ||     3
Armor: Scale mail        |    82 |   137 |   269 |       ||   488
       Chain mail        |       |       |       |    59 ||    59
Dodge: Dodged            |    36 |    77 |   144 |    17 ||   274
Block: Shield            |    72 |   124 |   447 |    51 ||   694
       Reflection        |       |       |     4 |       ||     4
